 Dungeon Crawl Stone Soup version 0.28-a0-48-gfd831c5874 (webtiles) character file.

Game seed: 4295392009086425636

1802 puppykicker the Grappler (level 9, 0/72 HPs)
             Began as a Ghoul Arcane Marksman on July 30, 2021.
             Slain by Maggie (5 damage)
             ... on level 7 of the Dungeon.
             The game lasted 00:26:15 (7500 turns).

puppykicker the Grappler (Ghoul Arcane Marksman)    Turns: 7500, Time: 00:26:16

Health: 0/72       AC:  9    Str: 20    XL:     9   Next: 9%
Magic:  9/9        EV: 11    Int: 14    God:
Gold:   35         SH:  5    Dex: 15    Spells: 7/10 levels left

rFire   . . .      SeeInvis +     - Unarmed
rCold   + . .      Faith    .   m - +0 buckler of the Forest {Rampage rPois Dex+6 Slay+2}
rNeg    + + +      Spirit   .   d - +0 ring mail
rPois   ∞          Reflect  .   E - +2 helmet {Int+3} {Int+3}
rElec   .          Harm     .   s - +0 cloak
rCorr   .          Rampage  +   (no gloves)
Will    .....                   (no boots)
Stlth   +.........              (no amulet)
HPRegen 0.00/turn               S - ring of see invisible
MPRegen 0.11/turn               j - +6 ring of strength

@: mesmerised, inhibited regen
A: claws 1, cold resistance 1, negative energy resistance 3, inhibited
regeneration, torment resistance 2
a: no special abilities


You were on level 7 of the Dungeon.
You visited 1 branch of the dungeon, and saw 7 of its levels.
You also visited: Sewer.

You collected 1540 gold pieces.
You spent 1505 gold pieces at shops.

Inventory:

Hand Weapons
 a - a +2 hand crossbow of venom
Missiles
 h - 7 poisoned darts (quivered)
 y - a curare-tipped dart
 Q - 18 bolts
Armour
 d - a +0 ring mail (worn)
 m - the +0 buckler of the Forest (worn) {Rampage rPois Dex+6 Slay+2}
   (You took it off a goblin on level 4 of the Dungeon)

   Dex:       It affects your dexterity (+6).
   Slay:      It affects your accuracy & damage with ranged weapons and melee
   (+2).
   rPois:     It protects you from poison.
   Rampage:   It bestows one free step when moving towards enemies.
 s - a +0 cloak (worn)
 E - a +2 helmet of intelligence (worn) {Int+3}
Jewellery
 j - a +6 ring of strength (right claw)
 S - a ring of see invisible (left claw)
Wands
 r - a wand of paralysis (2)
 w - a wand of acid (8)
 C - a wand of flame (18)
Scrolls
 e - 2 scrolls of fear
 f - a scroll of fog
 i - a scroll of identify
 k - 2 scrolls of enchant armour
 n - a scroll of amnesia
 o - a scroll of immolation {!r}
 q - 2 scrolls of summoning
 t - 5 scrolls of teleportation
 u - a scroll of vulnerability {!r!r}
 x - a scroll of brand weapon
 B - a scroll of blinking {!r}
Potions
 b - 5 potions of flight
 c - 4 potions of curing
 g - a potion of might
 l - a potion of cancellation
 p - 3 potions of heal wounds
 v - a potion of invisibility
 z - a potion of ambrosia
 A - 2 potions of magic
 D - 2 potions of attraction {!q}
 F - a potion of haste


   Skills:
 + Level 4.6 Fighting
 + Level 4.3 Crossbows
 - Level 1.7 Dodging
 - Level 4.0 Shields
 * Level 9.2 Unarmed Combat
 - Level 1.0 Spellcasting
 - Level 2.4 Hexes


You had 7 spell levels left.
You knew the following spells:

 Your Spells              Type           Power      Damage    Failure   Level
a - Corona                Hex            7%         N/A       17%         1
s - Slow                  Hex            7%         N/A       26%         2

Your spell library contained the following spells:

 Spells                   Type           Power      Damage    Failure   Level
 Tukima's Dance           Hex            7%         N/A       45%         3
 Inner Flame              Hex/Fire       4%         N/A       63%         3
 Portal Projectile        Hex/Tloc       8%         N/A       63%         3
 Stone Arrow              Conj/Erth      0%         3d7       80%         3
 Cause Fear               Hex            3%         N/A       86%         4
 Animate Armour           Summ/Erth      0%         N/A       99%         4
 Passage of Golubria      Tloc           N/A        N/A       99%         4
 Yara's Violent Unravell  Hex/Tmut       2%         3d3       100%        5
 Summon Hydra             Summ           0%         N/A       100%        7
 Lehudib's Crystal Spear  Conj/Erth      0%         10d2      100%        8
 Sublimation of Blood     Necr           Unusable   N/A       N/A         2
 Wereblood                Tmut           Unusable   N/A       N/A         2

Dungeon Overview and Level Annotations

Branches:
Dungeon (7/15)              Sewer (visited)
 Temple: D:4-7

Altars:
Uskayaw

Shops:
D:1 ?   D:4 !   D:5 [   D:6 *!

Annotations:
D:7 Maggie


Innate Abilities, Weirdness & Mutations

You thrive by killing the living.
You are immune to poison.
You have sharp fingernails.
Your flesh is cold resistant. (rC+)
You are immune to negative energy. (rN+++)
You do not regenerate when monsters are visible.
You are immune to unholy pain and torment.


Message History

You scratch Maggie but do no damage.
Maggie hits you with a +1 morningstar of flaming!
Maggie burns you.
You take 8 damage, and have 53/72 hp.
You scratch Maggie. Maggie hits you but does no damage.
You claw Maggie!
Maggie zaps a wand.
The puff of flame hits you but does no damage.
You scratch Maggie but do no damage.
Maggie hits you with a +1 morningstar of flaming!
Maggie burns you.
You take 9 damage, and have 44/72 hp.
You claw Maggie! You scratch Maggie. Maggie hits you but does no damage.
You scratch Maggie but do no damage. Maggie casts a spell at you.
The bolt of fire hits you!!
* * * LOW HITPOINT WARNING * * *
You are too injured to fight recklessly!
You take 24 damage, and have 20/72 hp.
MASSIVE DAMAGE!!
You are too injured to fight recklessly!
Aiming: Paralyse
Press: ? - help, Shift-Dir - straight line, f - Maggie
Aim: Maggie, wielding a +1 morningstar of flaming, wearing +0 acid dragon scales and carrying a wand of flame (26) (severely wounded, mesmerising, chance to affect: 46%) Maggie resists with some effort.
Maggie mutters to herself, "Master Lance won't take me back.
This is the way forward."
Maggie hits you with a +1 morningstar of flaming.
* * * LOW HITPOINT WARNING * * *
Maggie burns you.
* * * LOW HITPOINT WARNING * * *
You take 5 damage, and have 15/72 hp.
Aiming: Paralyse
Press: ? - help, Shift-Dir - straight line, f/p - Maggie
Aim: Maggie, wielding a +1 morningstar of flaming, wearing +0 acid dragon scales and carrying a wand of flame (26) (severely wounded, mesmerising, chance to affect: 46%) Maggie resists with some effort.
Maggie hits you with a +1 morningstar of flaming!
* * * LOW HITPOINT WARNING * * *
Maggie burns you.
You die...

#......#........# #
##........#......###....
..........##............
......##..##...........
.........##...........
..........#.........# #
...................# .#
....<...........@..###...
#...............@........
..................$.....#
#................<.....#
(.....................##
................##.......
...............# ..##..$
..............# ...# #.
..... #...# ####. ..##


You could see Maggie (mesmerising).

Levels and vault maps discovered:
D:1:      heliophobic_arrival_ceremonial_halls, layout_loops_ring,
          hellmonk_ecumenical_altar_crossroads, serial_shops, shop
D:2:      layout_basic, kennysheep_nub
D:3:      minmay_roachtagon, layout_loops_corners, cheibrodos_sewer_entry_bend
D:4:      minmay_polygon_palace, layout_basic, serial_shops,
          nicolae_shop_behind_doors
D:5:      layout_gridville, serial_shops, kennysheep_mini_moat
D:6:      layout_loops_corners, serial_shops, shop, corexii_checkpoint_a,
          nicolae_shop_gadgets, uniq_pikel
D:7:      layout_cave_pools, pdpol_temple_overflow_zin_treasury_gozag_greed,
          nicolae_overflow_crystal_walls, dancing_weapons_uskayaw,
          minmay_temple_entry_sparse_star, uniq_maggie

Notes
Turn   | Place    | Note
-------+----------+-------------------------------------------
     0 | D:1      | puppykicker the Ghoul Arcane Marksman began the quest for
                  | the Orb.
     0 | D:1      | Reached XP level 1. HP: 16/16 MP: 1/1
    45 | D:1      | Found Anolaum's Magic Scroll Boutique.
    66 | D:1      | Identified a ring of see invisible
   121 | D:1      | Identified a +0 club
   121 | D:1      | Identified a +0 club
   152 | D:1      | Reached skill level 1 in Unarmed Combat
   152 | D:1      | Reached XP level 2. HP: 23/23 MP: 2/2
   154 | D:1      | Reached skill level 2 in Crossbows
   166 | D:1      | Identified a +0 dagger
   217 | D:1      | Found a faded altar of an unknown god.
   356 | D:1      | Reached XP level 3. HP: 29/29 MP: 3/3
   359 | D:1      | Learned a level 2 spell: Slow
   370 | D:1      | Reached skill level 2 in Unarmed Combat
   447 | D:1      | Identified a +0 dagger
   447 | D:1      | Identified a +0 dagger
   567 | D:1      | Identified a +0 dagger
   726 | D:1      | Bought a scroll of identify for 22 gold pieces
   793 | D:2      | Identified a +0 dagger
   935 | D:2      | Identified a +0 short sword
   937 | D:2      | Reached skill level 2 in Fighting
  1011 | D:2      | Identified a +0 dagger
  1011 | D:2      | Identified a +6 ring of strength
  1030 | D:2      | Identified a +0 pair of gloves
  1049 | D:2      | Identified a +0 leather armour
  1095 | D:2      | Identified a +0 club
  1095 | D:2      | Identified a +0 hunting sling
  1097 | D:2      | Identified a +0 whip
  1256 | D:2      | Identified a +0 hand crossbow
  1259 | D:2      | Reached XP level 4. HP: 36/36 MP: 4/4
  1430 | D:1      | Bought a scroll of noise for 11 gold pieces
  1462 | D:3      | Identified a +0 morningstar
  1538 | D:3      | Identified a +0 dagger
  1538 | D:3      | Identified a +0 chain mail
  1580 | D:3      | Identified a +0 ring mail
  1668 | D:3      | Identified a +0 robe
  1850 | D:3      | Identified a +0 falchion
  1850 | D:3      | Identified a +0 dagger
  1850 | D:3      | Identified a +0 robe
  1850 | D:3      | Identified a +0 club
  1850 | D:3      | Identified a +0 hand axe
  1850 | D:3      | Identified a +0 leather armour
  1852 | D:3      | Identified a +0 dagger
  1856 | D:3      | Reached skill level 3 in Unarmed Combat
  1869 | D:3      | Reached XP level 5. HP: 18/42 MP: 5/5
  1877 | D:3      | HP: 10/42 [orc (2)]
  1955 | D:3      | Identified a +0 short sword
  1982 | D:3      | Found a glowing drain.
  2155 | Sewer    | Entered a sewer
  2345 | Sewer    | Identified a +0 spear
  2352 | Sewer    | Identified 2 potions of curing
  2526 | Sewer    | Reached skill level 3 in Crossbows
  2536 | Sewer    | Identified a +0 spear
  2548 | Sewer    | Identified a potion of haste
  2549 | Sewer    | Identified a potion of flight
  2550 | Sewer    | Identified a potion of attraction
  2557 | Sewer    | Reached skill level 3 in Fighting
  2557 | Sewer    | Reached skill level 4 in Unarmed Combat
  2834 | Sewer    | Reached XP level 6. HP: 39/51 MP: 6/6
  3167 | Sewer    | Identified a +0 robe
  3432 | D:3      | Identified a +0 morningstar
  3455 | D:3      | Identified a +0 dagger
  3569 | D:3      | Identified a +0 mace
  3569 | D:3      | Identified a +0 leather armour
  3602 | D:3      | Identified a +0 ring mail
  3836 | D:1      | Bought a scroll of fog for 22 gold pieces
  3836 | D:1      | Bought a scroll of immolation for 38 gold pieces
  3836 | D:1      | Identified a scroll of fear
  3837 | D:1      | Identified a scroll of blinking
  3838 | D:1      | Identified a scroll of enchant armour
  3897 | D:4      | Identified a +0 falchion
  3897 | D:4      | Identified a +0 dagger
  3898 | D:4      | Identified a +0 whip
  3982 | D:4      | Identified a +0 dagger
  3987 | D:4      | Identified a +0 dagger
  4142 | D:4      | Reached skill level 5 in Unarmed Combat
  4148 | D:4      | Identified a +0 dagger
  4202 | D:4      | Identified a +0 dagger
  4202 | D:4      | Identified the +0 buckler of the Forest {Rampage rPois
                  | Dex+6 Slay+2}
  4245 | D:4      | Identified a +0 short sword of protection
  4252 | D:4      | Reached skill level 1 in Shields
  4252 | D:4      | Reached XP level 7. HP: 54/58 MP: 7/7
  4262 | D:4      | Identified a +0 dagger
  4326 | D:4      | Identified a +0 halberd
  4498 | D:4      | Identified a +0 club
  4498 | D:4      | Identified a +1 ring mail of willpower
  4500 | D:4      | Found Amnijila's Distillery.
  4516 | D:4      | Bought a potion of heal wounds for 70 gold pieces
  4516 | D:4      | Bought a potion of degeneration for 14 gold pieces
  4531 | D:4      | Identified a +0 whip
  4532 | D:4      | Identified a +0 dagger
  4532 | D:4      | Identified a +0 robe
  4533 | D:4      | Identified a +0 flail
  4555 | D:4      | HP: 14/58 [orc (4)]
  4654 | D:4      | Identified a scroll of brand weapon
  4731 | D:4      | Identified 3 scrolls of summoning
  4731 | D:4      | Identified a +0 short sword
  4731 | D:4      | Identified a +2 dagger of freezing
  4732 | D:4      | Identified 2 scrolls of amnesia
  4799 | D:1      | Bought a scroll of identify for 22 gold pieces
  4799 | D:1      | Bought a scroll of identify for 22 gold pieces
  4799 | D:1      | Bought a scroll of identify for 22 gold pieces
  4799 | D:1      | Bought 3 scrolls of identify for 66 gold pieces
  4799 | D:1      | Bought a scroll of enchant weapon for 82 gold pieces
  4799 | D:1      | Bought a scroll of enchant armour for 82 gold pieces
  5035 | D:4      | Identified a +0 dagger
  5042 | D:4      | Reached skill level 2 in Shields
  5167 | D:4      | Identified the +8 rapier of the Sugar Beet {venom, Str+4}
  5167 | D:4      | Identified a +0 cloak
  5267 | D:4      | Identified a +0 robe
  5341 | D:4      | Identified a +0 club
  5387 | D:4      | Bought a potion of curing for 42 gold pieces
  5390 | D:5      | Entered Level 5 of the Dungeon
  5390 | D:5      | Identified a +0 hand axe
  5390 | D:5      | Identified a +0 leather armour
  5439 | D:5      | Found Koson's Antique Armour Shoppe.
  5511 | D:5      | Identified a +0 shortbow
  5518 | D:5      | Reached skill level 3 in Shields
  5603 | D:5      | Reached skill level 6 in Unarmed Combat
  5672 | D:5      | Identified a +0 club
  5673 | D:5      | Identified a +0 hand axe
  5673 | D:5      | Identified a +0 flail
  5676 | D:5      | Identified a +0 flail
  5684 | D:5      | Paralysed by a gnoll for 3 turns
  5803 | D:5      | Identified a scroll of vulnerability
  5810 | D:5      | Reached XP level 8. HP: 59/66 MP: 8/8
  6057 | D:6      | Identified a +0 flail
  6057 | D:6      | Identified a +0 leather armour
  6058 | D:6      | Identified a +0 dagger
  6058 | D:6      | Identified a +0 robe
  6059 | D:6      | Identified a +0 whip
  6126 | D:6      | Identified a +2 whip of freezing
  6126 | D:6      | Identified a +2 robe of the Archmagi
  6126 | D:6      | Noticed Pikel
  6150 | D:6      | Killed Pikel
  6151 | D:6      | Reached skill level 4 in Shields
  6151 | D:6      | Reached skill level 8 in Unarmed Combat
  6165 | D:6      | Found Ubbezamm's Gadget Gallery.
  6196 | D:6      | Identified a potion of invisibility
  6248 | D:6      | Reached skill level 4 in Fighting
  6456 | D:6      | Identified a +0 dagger
  6457 | D:6      | Identified a +0 club
  6457 | D:6      | Identified a +0 short sword
  6458 | D:6      | Identified a +0 dagger
  6458 | D:6      | Identified a +0 dagger
  6458 | D:6      | Identified a +0 club
  6465 | D:6      | Reached skill level 4 in Crossbows
  6545 | D:6      | Reached skill level 9 in Unarmed Combat
  6545 | D:6      | Reached XP level 9. HP: 49/72 MP: 9/9
  6625 | D:6      | Identified a +0 mace
  6671 | D:6      | Found Tugil's Distillery.
  6677 | D:6      | Bought a potion of might for 52 gold pieces
  6740 | D:6      | Identified a +0 spear
  6740 | D:6      | Identified a +0 whip
  6740 | D:6      | Identified a +0 flail
  6741 | D:6      | Identified a +0 whip
  6741 | D:6      | Identified a +0 robe
  7153 | D:6      | Bought a potion of curing for 39 gold pieces
  7153 | D:6      | Identified a potion of magic
  7154 | D:6      | Identified a potion of ambrosia
  7174 | D:7      | Identified a +0 hand axe
  7174 | D:7      | Noticed a +0 hand axe
  7174 | D:7      | Identified a +0 hand axe
  7174 | D:7      | Noticed a +0 hand axe
  7176 | D:7      | Found a hide-covered altar of Uskayaw.
  7201 | D:7      | Identified a scroll of acquirement
  7202 | D:7      | Acquired 893 gold pieces
  7282 | D:5      | Bought a glowing hat for 147 gold pieces
  7282 | D:5      | Identified a +1 hat (You bought it in a shop on level 5 of
                  | the Dungeon)
  7282 | D:5      | Bought a shiny helmet for 157 gold pieces
  7282 | D:5      | Identified a +2 helmet of intelligence (You bought it in a
                  | shop on level 5 of the Dungeon)
  7341 | D:6      | Bought 2 potions of heal wounds for 130 gold pieces
  7341 | D:6      | Bought a potion of cancellation for 104 gold pieces
  7341 | D:6      | Bought a potion of curing for 39 gold pieces
  7341 | D:6      | Bought a potion of attraction for 39 gold pieces
  7341 | D:6      | Bought a potion of attraction for 39 gold pieces
  7341 | D:6      | Bought a potion of magic for 104 gold pieces
  7390 | D:4      | Bought a potion of haste for 140 gold pieces
  7482 | D:7      | Identified a +1 morningstar of flaming
  7482 | D:7      | Identified +0 acid dragon scales
  7482 | D:7      | Noticed Maggie
  7499 | D:7      | HP: 16/72 [Maggie (4)]
  7500 | D:7      | HP: 5/72 [Maggie (10)]
  7500 | D:7      | Slain by Maggie

Table legend: (Time is in decaauts)
 A = Elapsed time spent in this place.
 B = Non-inter-level travel time spent in this place.
 C = Inter-level travel time spent in this place.
 D = Time resting spent in this place.
 E = Time spent auto-exploring this place.
 F = Levels seen in this place.
 G = Mean time per level.
                   A        B        C        D        E       F      G
               +--------+--------+--------+--------+--------+-----+--------+
         Total |   7570 |   6777 |    793 |   1180 |   3807 |   8 |  946.2 |
       Dungeon |   6355 |   5562 |    793 |    601 |   3684 |   7 |  907.9 |
         Sewer |   1214 |   1214 |      0 |    579 |    123 |   1 | 1214.0 |
               +--------+--------+--------+--------+--------+-----+--------+

Top non-repeatable levels by time:
     D:4: 1376 daAuts
     D:3: 1270 daAuts
   Sewer: 1214 daAuts
     D:6: 1194 daAuts
     D:1: 901 daAuts
     D:5: 820 daAuts
     D:2: 722 daAuts
     D:7: 71 daAuts

Table legend:
 A = Kills in this place as a percentage of kills in entire the game.
 B = Kills by you in this place as a percentage of kills by you in the entire game.
 C = Kills by friends in this place as a percentage of kills by friends in the entire game.
 D = Other kills in this place as a percentage of other kills in the entire game.
 E = Experience gained in this place as a percentage of experience gained in the entire game.
 F = Experience gained in this place divided by the number of levels of this place that you have seen.
                   A       B       C       D       E      F
               +-------+-------+-------+-------+-------+----------------------
         Total | 100.0 | 100.0 |   N/A |   N/A | 100.0 | 321.9
       Dungeon |  78.5 |  78.5 |   N/A |   N/A |  91.8 | 337.6
         Sewer |  21.5 |  21.5 |   N/A |   N/A |   8.2 | 212.0
               +-------+-------+-------+-------+-------+----------------------

Skill      XL: |  1  2  3  4  5  6  7  8 |
---------------+-------------------------+-----
Unarmed Combat | 1 2 3 4 5 6 9 |  9.2
Crossbows      | 2 3 4 |  4.3
Fighting       | 2 3 4 |  4.6
Shields        | 1 3 4 |  4.0
Dodging        | |  1.7
Spellcasting   | |  1.0
Hexes          | |  2.4

Action                   |  1- 3 |  4- 6 |  7- 9 || total
-------------------------+-------+-------+-------++-------
Melee: Unarmed           |    17 |   282 |   217 ||   516
       Punch             |       |     3 |       ||     3
 Fire: Hand crossbow     |    88 |    52 |       ||   140
Throw: Dart              |       |     5 |       ||     5
Evoke: Wand              |       |       |     6 ||     6
  Use: Potion            |       |     5 |       ||     5
       Scroll            |       |     3 |    12 ||    15
 Stab: Paralysed         |       |       |    12 ||    12
Armor: Robe              |     7 |       |       ||     7
       Leather armour    |     7 |     2 |       ||     9
       Ring mail         |       |    90 |    60 ||   150
Dodge: Dodged            |    31 |   158 |    85 ||   274
Block: Buckler           |       |     1 |    46 ||    47

Vanquished Creatures
  Pikel (D:6)
  A sky beast (D:6)
  A black bear (D:6)
  A centaur (D:5)
  A kobold brigand (D:6)
  2 scorpions (D:4)
  A howler monkey (D:4)
  A bullfrog zombie (D:5)
  A centaur zombie (D:7)
  2 jellies
  A gnoll shaman (D:6)
  2 hounds
  2 centaur skeletons
  2 iguanas
  3 orc wizards
  2 merfolk sirens (Sewer)
  A killer bee zombie (D:5)
  A merfolk avatar (Sewer)
  7 gnolls
  10 adders
  4 river rats (Sewer)
  An ufetubus (D:5)
  An adder skeleton (D:4)
  4 worms
  4 dart slugs
  17 orcs
  4 bats
  7 endoplasms
  13 giant cockroaches
  8 goblins
  10 hobgoblins
  12 jackals
  7 quokkas
  9 ball pythons
  7 frilled lizards
  15 kobolds
  29 rats
195 creatures vanquished.
